AoeStats
← pedrogragui

Lombardia

510162820Analyzed
3v3 RM · 2d ago on Sep 29, 2026· 33m 54s· 6 players
Game mode
Random Map
Map size
Normal (6 player)
Population
200
Speed
Normal
Resources
Standard
Victory
Conquest
Starting age
Dark Age
Ending age
Imperial Age
RankedLock teamsTeams togetherTeam positionsShared explorationLock speedFull tech treeHidden civsTurbo modeCheats
Victory
Defeat
🇪🇸 Spanish · Spain
466
+15
🇪🇸 Romans · Spain
452
+16
🇪🇸 Bohemians · Spain
415
+17
🇮🇪 Spanish · Ireland
488
-17
🇨🇱 Ethiopians · Chile
445
-16
🇪🇸 Franks · Spain
417
-15
Eg_Divine
11:39 Feudal Age
12:31 Double-Bit Axe
15:18 Gold Mining
18:37 Castle Age
17:32 Horse Collar
19:11 Loom
19:51 Bow Saw
23:09 Stone Mining
24:05 Man-at-Arms
25:56 Heavy Plow
26:15 Fortified Wall
Nelsinho The Goat
13:45 Loom
15:35 Feudal Age
24:29 Castle Age
25:39 Pikeman
26:13 Arson
El_Omi
5:26 Loom
11:56 Feudal Age
18:06 Castle Age
17:14 Double-Bit Axe
16:54 Man-at-Arms
17:41 Horse Collar
18:56 Bloodlines
18:49 Squires
18:49 Light Cavalry
25:44 Husbandry
28:23 Town Watch
29:19 Wheelbarrow
tribel11
9:58 Feudal Age
10:33 Double-Bit Axe
19:35 Castle Age
17:49 Stone Mining
18:13 Gold Mining
20:29 Bow Saw
20:58 Gold Shaft Mining
22:31 Caravan
24:29 Wheelbarrow
26:37 Hand Cart
30:56 Squires
30:17 Pikeman
30:43 Gambesons
30:26 Ordonnance Companies
pedrogragui
8:29 Loom
8:42 Loom
12:24 Feudal Age
13:43 Wheelbarrow
12:57 Double-Bit Axe
12:55 Horse Collar
21:52 Castle Age
22:53 Hand Cart
22:52 Bow Saw
23:12 Heavy Plow
23:15 Gold Mining
23:20 Stone Mining
28:08 Husbandry
27:29 Light Cavalry
28:24 Bloodlines
29:27 Coinage
28:58 Caravan
twilight sparkle
15:00 Feudal Age
15:31 Horse Collar
18:30 Man-at-Arms
21:13 Town Watch
24:26 Castle Age
22:58 Fletching
23:13 Padded Archer Armor
25:03 Wheelbarrow
25:21 Town Patrol
28:11 Long Swordsman
28:57 Squires
Connection lost

Rejoining the realm…

Still unreachable

The connection could not be restored.

Session expired

The server has moved on; the page needs a fresh start.